 Dungeon Crawl Stone Soup version 0.31-a0-152-g6aa68a64a1 (webtiles) character file.

Game seed: 4939754070684464676

5635 qw the Skirmisher (level 10, -6/64 HPs)
             Began as a Gargoyle Hunter on June 10, 2023.
             Was a Believer of Okawaru.
             Mangled by a yak (10 damage)
             ... on level 1 of the Lair of Beasts.
             The game lasted 00:03:25 (7057 turns).

qw the Skirmisher (Gargoyle Hunter)                 Turns: 7057, Time: 00:03:25

Health: -6/64      AC: 12    Str: 16    XL:     10   Next: 74%
Magic:  11/13      EV: 17    Int:  9    God:    Okawaru [**....]
Gold:   572        SH:  0    Dex: 17    Spells: 9/9 levels left

rFire   + . .        j - +0 arbalest
rCold   . . .        (shield currently unavailable)
rNeg    + . .        m - +0 leather armour {rF+}
rPois   inf          (no helmet)
rElec   +            (no cloak)
rCorr   .            (no gloves)
SInv    .            q - +0 pair of boots
Will    .....        b - amulet of regeneration
Stlth   +++          (no ring)
HPRegen 1.10/turn    (no ring)
MPRegen 0.13/turn

%: no passive effects
@: heroic
A: sickness immunity, AC +7, negative energy resistance 1, electricity
resistance, torment resistance 1, petrification resistance
a: Renounce Religion, Heroism


You were on level 1 of the Lair of Beasts.
You worshipped Okawaru.
Okawaru was pleased with you.
You visited 3 branches of the dungeon, and saw 10 of its levels.

You collected 572 gold pieces.


Innate Abilities, Weirdness & Mutations

You are immune to sickness and miasma.
Your stone body is resilient. (AC +7)
You are immune to poison.
You resist negative energy. (rN+)
You are resistant to electric shocks. (rElec)
You are resistant to unholy torment.
You are immune to petrification.


   Skills:
 - Level 8.0(13.0) Fighting
 + Level 12.8(17.8) Ranged Weapons
 - Level 3.1(8.1) Armour
 - Level 4.1(9.1) Dodging
 - Level 1.1(6.1) Stealth
 - Level 4.1 Invocations


You had 9 spell levels left.
You didn't know any spells.
Your spell library was empty.

Inventory:

Hand Weapons
 j - a +0 arbalest (weapon)
 l - a +0 sling of flaming
Armour
 e - +0 steam dragon scales
 m - a +0 leather armour of fire resistance (worn)
 q - a +0 pair of boots (worn)
Jewellery
 b - an amulet of regeneration (around neck)
 i - a ring of ice
 k - a ring of fire
Scrolls
 a - a scroll of identify
 f - 2 scrolls of teleportation
Potions
 c - a potion of cancellation
 d - a potion of haste
 g - a potion of mutation
 h - a potion of might
 n - a potion of berserk rage {unknown}
 o - a potion of attraction {unknown}
 p - a potion of lignification {unknown}

Dungeon Overview and Level Annotations

Branches:
Dungeon (8/15)             Temple (1/1) D:6            Lair (1/5) D:8

Altars:
Ashenzari
Dithmenos
Elyvilon
Fedhas
Gozag
Hepliaklqana
Makhleb
Nemelex Xobeh
Okawaru
Qazlal
Sif Muna
Trog
Uskayaw
Vehumet
Wu Jian
Xom
Yredelemnul
Zin
The Shining One


Message History

The bolt hits the yak but does no damage.
The yak is severely wounded.
The yak gores you!
You shoot a bolt. The bolt barely misses the yak.
The yak misses you.
You shoot a bolt. The bolt closely misses the yak.
The yak closely misses you.
You shoot a bolt. The bolt barely misses the yak.
The yak gores you. The yak barely misses you.
A cane toad comes into view.
The yak gores you but does no damage. The yak closely misses you.
The yak gores you but does no damage.
7052 ||| INVOKING Heroism.
You gain the combat prowess of a mighty hero.
The yak gores you. The yak gores you but does no damage.
The yak completely misses you.
You shoot a bolt. The cane toad croaks.
The bolt hits the yak!
You kill the yak!
Okawaru accepts your kill.
A bullfrog comes into view.
The yak completely misses you. The yak gores you!
You shoot a bolt. The bullfrog gives a loud, deep croak!
The bolt hits the yak but does no damage.
The yak gores you but does no damage. The yak misses you.
You shoot a bolt. The bolt hits the yak!!
The yak is severely wounded.
The yak gores you! The yak gores you.
You shoot a bolt.
The bolt hits the yak but does no damage.
The yak is severely wounded.
The cane toad misses you. The yak barely misses you. The yak gores you!
The cane toad stings you!
You shoot a bolt. The bolt hits the yak!!
You kill the yak!
Okawaru accepts your kill. The cane toad stings you! The bullfrog misses you.
The yak gores you!
You die...

#.# #.# ~~.. #.######
~~~. #......## ~~~~.
#.......#######~~~~~
#.............~~~~~~
#!.PP##.#......~~~~.
#..P........%F.~~~~.
#..#........@F..~~~~
#........#...Y.~~~~.
#..#...........~~~~.
##..#.....#......~~~~
#...#...........~~~~.
##........+....~~~~~.
#...#..###.....~~~~.
#.............~~~~~#
##..............~~~


You could see a yak, a cane toad and a bullfrog.

Vanquished Creatures
  2 komodo dragons (Lair:1)
  Sigmund (D:3)
  A wraith (D:6)
  3 wyverns
  5 yaks
  2 steam dragons
  3 water moccasins
  An orc warrior (D:6)
  2 sky beasts
  4 ice beasts
  2 centaurs
  A phantom (D:5)
  A kobold brigand (D:7)
  An elf zombie (D:7)
  4 bullfrogs
  An elf skeleton (D:7)
  A gnoll sergeant (D:7)
  A scorpion (D:6)
  8 wights
  5 killer bees (D:6)
  A howler monkey (D:7)
  5 hounds
  A jelly (D:6)
  2 gnoll boudas
  4 orc priests
  2 human skeletons (D:7)
  A sleepcap (D:5)
  6 orc wizards
  4 iguanas
  22 gnolls
  7 adders
  2 shadow imps
  A white imp (D:8)
  An ufetubus (D:4)
  A worm (D:3)
  2 dart slugs
  30 orcs
  8 bats
  8 endoplasms
  4 giant cockroaches
  9 goblins
  4 hobgoblins
  4 jackals (D:1)
  4 quokkas
  2 ball pythons
  7 frilled lizards
  12 kobolds
  An orc skeleton (D:7)
  An orc zombie (D:7)
  6 rats
211 creatures vanquished.

Vanquished Creatures (others)
  A wight (D:8)
1 creature vanquished.

Grand Total: 212 creatures vanquished

Notes
Turn   | Place    | Note
-------+----------+-------------------------------------------
     0 | D:1      | qw the Gargoyle Hunter began the quest for the Orb.
     0 | D:1      | Reached XP level 1. HP: 12/12 MP: 1/1
     0 | D:1      | 0 ||| qw: Version: 0.2-a-123-gb51047a
     0 | D:1      | 0 ||| qw: Game counter: 3783
     0 | D:1      | 0 ||| qw: Always use a shield: true
     0 | D:1      | 0 ||| qw: God list: Okawaru
     0 | D:1      | 0 ||| qw: Allow faded altars: false
     0 | D:1      | 0 ||| qw: Do Orc after D:15 true
     0 | D:1      | 0 ||| qw: Do second Lair branch before Depths: true
     0 | D:1      | 0 ||| qw: Lair rune preference: random
     0 | D:1      | 0 ||| qw: Plans: Normal, Zot:1-4, Slime:5, God:TSO, Crypt,
                  | Tomb, Abyss, Pan, Hells, Win
     0 | D:1      | 0 ||| PLANNING D:1-11
   107 | D:1      | Reached XP level 2. HP: 17/17 MP: 2/2
   724 | D:1      | 724 ||| READING 2 scrolls labelled MEWOHOMIWO.
   725 | D:1      | 725 ||| READING scroll labelled ZISABB LIGYHUE.
   726 | D:1      | 726 ||| DROPPING scroll of butterflies.
   844 | D:2      | Reached XP level 3. HP: 21/21 MP: 3/3
   858 | D:2      | Reached skill level 5 in Ranged Weapons
   925 | D:2      | Found a shimmering blue altar of Sif Muna.
   970 | D:2      | Reached skill level 3 in Fighting
  1032 | D:2      | Reached XP level 4. HP: 28/28 MP: 4/4
  1329 | D:2      | 1329 ||| UPGRADING to +0 ring mail.
  1339 | D:2      | 1339 ||| DROPPING +0 leather armour.
  1340 | D:2      | 1340 ||| UPGRADING to amulet of regeneration.
  1345 | D:2      | 1345 ||| READING 2 scrolls labelled POIKHL MEISHRUTS.
  1349 | D:2      | 1349 ||| READING scroll labelled BODAGH VIUNN.
  1350 | D:2      | 1350 ||| READING scroll labelled XOTIAFILUF.
  1351 | D:2      | 1351 ||| READING scroll labelled OQOENE ORYR.
  1412 | D:3      | Reached skill level 1 in Armour
  1412 | D:3      | 1412 ||| FLEEEEING.
  1414 | D:3      | Reached XP level 5. HP: 26/32 MP: 5/5
  1519 | D:3      | Noticed Sigmund
  1533 | D:3      | Killed Sigmund
  1534 | D:3      | Reached skill level 7 in Ranged Weapons
  1534 | D:3      | Reached XP level 6. HP: 33/37 MP: 6/6
  1967 | D:3      | 1967 ||| Stepping ~*~*~tactically~*~*~ (outnumbered).
  1987 | D:3      | Reached XP level 7. HP: 27/43 MP: 7/7
  2121 | D:3      | 2121 ||| READING scroll labelled EMPOAS IK REU.
  2122 | D:3      | 2122 ||| READING scroll labelled QAGUOXK RAOFO.
  2123 | D:3      | 2123 ||| READING scroll labelled AZUEMOT LASIPH.
  2124 | D:3      | 2124 ||| DRINKING 2 clear potions.
  2125 | D:3      | 2125 ||| DRINKING 2 orange potions.
  2328 | D:4      | Found a shimmering blue altar of Sif Muna.
  2336 | D:4      | You fall into a shaft and drop 3 floors!
  2339 | D:7      | 2339 ||| PLANNING OSSUARY
  2407 | D:7      | 2407 ||| Stepping ~*~*~tactically~*~*~ (outnumbered).
  2425 | D:7      | Reached skill level 8 in Ranged Weapons
  2458 | D:7      | 2458 ||| SWAPPING to +3 shortbow.
  2459 | D:7      | 2459 ||| DROPPING +1 shortbow.
  2519 | D:7      | Found a hide-covered altar of Uskayaw.
  2519 | D:7      | Found a broken altar of Ashenzari.
  2519 | D:7      | Found a glowing golden altar of the Shining One.
  2532 | D:7      | Reached XP level 8. HP: 49/49 MP: 8/8
  2625 | D:7      | Noticed a wyvern
  2641 | D:7      | Killed a wyvern
  2700 | D:7      | 2700 ||| Stepping ~*~*~tactically~*~*~ (outnumbered).
  2711 | D:7      | Reached skill level 9 in Ranged Weapons
  2719 | D:7      | 2719 ||| FLEEEEING.
  2720 | D:7      | 2720 ||| FLEEEEING.
  2721 | D:7      | 2721 ||| FLEEEEING.
  2722 | D:7      | 2722 ||| FLEEEEING.
  2723 | D:7      | 2723 ||| FLEEEEING.
  2724 | D:7      | 2724 ||| FLEEEEING.
  2725 | D:7      | 2725 ||| FLEEEEING.
  2726 | D:7      | 2726 ||| FLEEEEING.
  2727 | D:7      | 2727 ||| FLEEEEING.
  2728 | D:7      | 2728 ||| FLEEEEING.
  2729 | D:7      | 2729 ||| FLEEEEING.
  2730 | D:7      | 2730 ||| FLEEEEING.
  2731 | D:7      | 2731 ||| FLEEEEING.
  2732 | D:7      | 2732 ||| FLEEEEING.
  2777 | D:7      | Found a basalt altar of Yredelemnul.
  2860 | D:7      | 2860 ||| DRINKING potion of curing.
  2860 | D:7      | 2860 ||| (to cure confusion)
  2893 | D:7      | Reached skill level 6 in Fighting
  3028 | D:7      | Reached skill level 3 in Armour
  3113 | D:7      | 3113 ||| RIP OSSUARY
  3115 | D:7      | 3115 ||| PLANNING D:1-11
  3115 | D:7      | 3115 ||| READING scroll labelled TADOPL DUDIRE.
  3116 | D:7      | 3116 ||| READING scroll labelled BIUBO YXKAPEN.
  3127 | D:7      | 3127 ||| DRINKING 2 brown potions.
  3128 | D:7      | 3128 ||| DRINKING 2 smoky clear potions.
  3129 | D:7      | 3129 ||| DROPPING potion of enlightenment.
  3130 | D:7      | 3130 ||| DROPPING potion of degeneration.
  3136 | D:7      | 3136 ||| FLEEEEING.
  3152 | D:7      | HP: 10/52 [gnoll/+0 quarterstaff[a gnoll sergeant] (6)]
  3153 | D:7      | 3153 ||| READING 4 scrolls of teleportation.
  3153 | D:7      | HP: 4/52 [gnoll sergeant/+0 spear (3)]
  3239 | D:6      | 3239 ||| Stepping ~*~*~tactically~*~*~ (outnumbered).
  3257 | D:6      | HP: 10/52 [orc warrior/+0 long sword (11)]
  3258 | D:6      | 3258 ||| READING 4 scrolls of teleportation.
  3258 | D:6      | HP: 3/52 [orc warrior/+0 long sword (9)]
  3261 | D:6      | Reached XP level 9. HP: 3/56 MP: 9/9
  3266 | D:6      | 3266 ||| READING 3 scrolls of teleportation.
  3354 | D:5      | Entered Level 5 of the Dungeon
  3369 | D:5      | Reached skill level 10 in Ranged Weapons
  3403 | D:5      | Identified the +0 scale mail of Foolhardiness {rC- Int+6
                  | Slay+4}
  3814 | D:4      | Found a white marble altar of Elyvilon.
  3910 | D:4      | 3910 ||| UPGRADING to +0 leather armour of fire resistance.
  3920 | D:4      | 3920 ||| READING scroll labelled QECLINO DAUVVO.
  4092 | D:5      | Found a blossoming altar of Fedhas.
  4375 | D:5      | Reached skill level 3 in Dodging
  4693 | D:5      | 4693 ||| DROPPING +0 ring mail.
  4694 | D:5      | 4694 ||| DRINKING 3 green potions.
  4739 | D:6      | 4739 ||| STAIRDANCE
  4813 | D:6      | Found a staircase to the Ecumenical Temple.
  4814 | D:6      | 4814 ||| PLANNING TEMPLE
  4823 | Temple   | Entered the Ecumenical Temple
  4958 | Temple   | 4958 ||| PLANNING OKAWARU WORSHIP
  5005 | Temple   | Became a worshipper of Warmaster Okawaru
  5005 | Temple   | 5005 ||| PLANNING D:1-11
  5261 | D:6      | HP: 13/57 [orc warrior/+0 long sword (6)]
  5262 | D:6      | 5262 ||| READING 5 scrolls of teleportation.
  5263 | D:6      | 5263 ||| DRINKING 2 potions of heal wounds.
  5310 | D:6      | 5310 ||| SWAPPING to +0 arbalest.
  5318 | D:6      | Reached skill level 11 in Ranged Weapons
  5331 | D:6      | 5331 ||| DROPPING +3 shortbow.
  5418 | D:6      | HP: 10/57 [killer bee (7)]
  5419 | D:6      | 5419 ||| READING 4 scrolls of teleportation.
  5420 | D:6      | 5420 ||| DRINKING potion of heal wounds.
  5423 | D:6      | Reached * piety under Okawaru
  5543 | D:6      | Reached skill level 1 in Invocations
  5578 | D:6      | Reached XP level 10. HP: 59/64 MP: 10/12
  5599 | D:6      | Reached skill level 3 in Invocations
  5753 | D:6      | 5753 ||| INVOKING Heroism.
  5942 | D:6      | 5942 ||| DROPPING +2 robe of the Archmagi.
  5943 | D:6      | 5943 ||| READING 2 scrolls of identify.
  5943 | D:6      | 5943 ||| IDENTIFYING pink potion
  6330 | D:7      | 6330 ||| READING 2 scrolls of identify.
  6330 | D:7      | 6330 ||| IDENTIFYING white potion
  6331 | D:7      | 6331 ||| DROPPING potion of brilliance.
  6366 | D:8      | Reached ** piety under Okawaru
  6508 | D:8      | 6508 ||| Stepping ~*~*~tactically~*~*~ (outnumbered).
  6514 | D:8      | Reached skill level 12 in Ranged Weapons
  6528 | D:8      | 6528 ||| INVOKING Heroism.
  6534 | D:8      | HP: 13/64 [yak (9)]
  6535 | D:8      | 6535 ||| READING 3 scrolls of teleportation.
  6535 | D:8      | HP: 3/64 [yak (12)]
  6654 | D:8      | 6654 ||| STAIRDANCE
  6665 | D:7      | 6665 ||| READING 2 scrolls of identify.
  6665 | D:7      | 6665 ||| IDENTIFYING fizzy inky potion
  6847 | D:8      | Found a staircase to the Lair.
  6951 | D:8      | 6951 ||| PLANNING LAIR
  6951 | D:8      | 6951 ||| UPGRADING to +0 pair of boots.
  6956 | D:8      | 6956 ||| READING 2 scrolls of identify.
  6956 | D:8      | 6956 ||| IDENTIFYING yellow potion
  6964 | Lair:1   | Entered Level 1 of the Lair of Beasts
  6965 | Lair:1   | 6965 ||| INVOKING Heroism.
  6987 | Lair:1   | 6987 ||| INVOKING Heroism.
  7051 | Lair:1   | Noticed a cane toad
  7052 | Lair:1   | 7052 ||| INVOKING Heroism.
  7057 | Lair:1   | HP: 4/64 [cane toad (14)]
  7057 | Lair:1   | Mangled by a yak

Levels and vault maps discovered:
D:1:      reono_arrival_mine, layout_basic, serial_curves, eino_curves_04,
          eino_curves_02, eino_curves_01, eino_curves_04
D:2:      layout_rooms, basic_altar, minmay_randomly_rotated_circles
D:3:      layout_basic, nicolae_hexahallways, minmay_divided_ellipse,
          uniq_sigmund
D:4:      layout_loops_ring, nicolae_sif_muna_condensation,
          mainiacjoe_overflow_concentric_impassable
D:5:      minmay_recursive_quarters, layout_loops_corners,
          mainiacjoe_overflow_cross_hatched, grunt_ministairs_2
D:6:      layout_loops_corners, minmay_temple_entry_drinking_statues,
          hangedman_minor_gate_pass
D:7:      layout_loops_ring, mainiacjoe_overflow_surrounded_room,
          chequers_temple_overflow_statue_of_worship,
          nicolae_ossuary_entry_catacombs, kennysheep_generic_room_6
D:8:      layout_basic, dpeg_oklobed_lair
Temple:   nicolae_temple_slightly_damp_pantheon
Lair:1:   layout_regular_city, gammafunk_ghost_arena,
          portal_ice_cave_entry_imps, chequers_serial_rivers_large_a,
          nicolae_lair_grove_arrangements, uniq_joseph

Skill      XL: |  1  2  3  4  5  6  7  8  9 10 |
---------------+-------------------------------+-----
Ranged Weapons | 5 7 8 9 11 12 | 12.8
Fighting       | 3 4 5 6 8 |  8.0
Armour         | 1 3 |  3.1
Dodging        | 2 3 4 |  4.1
Invocations    | 2 4 |  4.1
Stealth        | |  1.1

Action                     |  1- 3 |  4- 6 |  7- 9 | 10-12 || total
---------------------------+-------+-------+-------+-------++-------
   Fire: Shortbow          |    71 |   160 |   415 |       ||   646
         Arbalest          |       |       |    57 |   157 ||   214
 Invoke: Heroism           |       |       |       |     5 ||     5
    Use: Scroll            |     2 |     4 |    11 |     5 ||    22
         Potion            |       |       |     8 |       ||     8
 Armour: Leather armour    |    29 |    10 |    63 |    41 ||   143
         Ring mail         |       |    43 |    78 |       ||   121
  Dodge: Dodged            |    33 |    73 |   208 |    93 ||   407

Table legend:
 A = Non-vault XP
 B = Vault XP
 C = Vault XP percentage of total XP
 D = Non-vault monster count
 E = Vault monster count
 F = Vault count percentage of total count
                 A         B        C        D         E       F
            +---------+---------+-------+---------+---------+-------
      Total |    5993 |    2254 |  27.3 |     167 |      45 |  21.2
            +---------+---------+-------+---------+---------+-------
        D:1 |      22 |       0 |   0.0 |      12 |       0 |   0.0
        D:2 |      74 |      32 |  30.2 |      23 |       6 |  20.7
        D:3 |     136 |     420 |  75.5 |      24 |      14 |  36.8
        D:4 |     109 |       0 |   0.0 |      13 |       0 |   0.0
        D:5 |     500 |     131 |  20.8 |       9 |      10 |  52.6
        D:6 |    1266 |    1276 |  50.2 |      28 |       8 |  22.2
        D:7 |    1582 |     395 |  20.0 |      39 |       7 |  15.2
        D:8 |    1166 |       0 |   0.0 |      15 |       0 |   0.0
     Lair:1 |    1138 |       0 |   0.0 |       4 |       0 |   0.0
            +---------+---------+-------+---------+---------+-------
